 Dungeon Crawl Stone Soup version 0.17-a0-910-ga669010 (webtiles) character file.

111 hornqvist the Shield-Bearer (level 5, -1/41 HPs)
             Began as a Formicid Fighter on May 2, 2015.
             Was an Initiate of Gozag.
             Succumbed to poison (a potion of poison)
             ... on level 3 of the Dungeon.
             The game lasted 00:01:54 (1755 turns).

hornqvist the Shield-Bearer (Formicid Fighter)      Turns: 1755, Time: 00:01:54

Health: -1/41      AC:  9    Str: 26    XL:     5   Next: 15%
Magic:  5/5        EV:  7    Int:  8    God:    Gozag
Gold:   294        SH: 10    Dex: 10    Spells: 0 memorised, 4 levels left

rFire  . . .     SeeInvis +     a - +0 war axe
rCold  . . .     Clarity  .     p - +0 chain mail
rNeg   . . .     SustAb   .     c - +0 shield
rPois  .         Gourm    .     (helmet unavailable)
rElec  .         Spirit   .     (no cloak)
rCorr  .         Warding  .     (no gloves)
rMut   .         Stasis   +     (no boots)
MR     .....                    (no amulet)
Stlth  ..........               (no ring)
                                (no ring)

@: mighty, lethally poisoned (-1 -> -23), not resistant to hostile enchantments,
extremely unstealthy
A: permanent stasis, dig shafts and tunnels, four strong arms, antennae 3
a: Dig, Shaft Self, Potion Petition, Call Merchant, Bribe Branch, Renounce
Religion


You were on level 3 of the Dungeon.
You worshipped Gozag.
Gozag was noncommittal.
You were not hungry.

You visited 1 branch of the dungeon, and saw 3 of its levels.

You collected 327 gold pieces.
You paid 33 gold pieces to Gozag.

Inventory:

Hand weapons
 a - a +0 war axe (weapon)
Armour
 c - a +0 shield (worn)
 p - a +0 chain mail (worn)
Scrolls
 b - a scroll of teleportation {unknown}
 f - 2 scrolls of random uselessness {unknown}
 h - a scroll of remove curse {unknown}
 j - a scroll of magic mapping {unknown}
 k - a scroll of amnesia {unknown}
 l - 2 scrolls of immolation {unknown}
 n - a scroll of noise {unknown}
Potions
 m - a potion of magic
 o - a potion of resistance {unknown}
 q - a potion of poison
Comestibles
 e - a bread ration
 g - a meat ration


   Skills:
 - Level 3.2 Fighting
 * Level 3.4 Axes
 + Level 4.0 Armour
 + Level 1.6 Dodging
 + Level 4.2 Shields


You had 4 spell levels left.
You didn't know any spells.

Dungeon Overview and Level Annotations

Branches:
Dungeon (3/15)

Altars:
Gozag
Okawaru

Annotations:
D:3 Viceroy's ghost, average FoAK


Innate Abilities, Weirdness & Mutations

You are under a permanent stasis effect.
You can dig through walls and to a lower floor.
Your four strong arms can wield two-handed weapons with a shield.
You have a pair of large antennae on your head (SInv).


Message History

The scorpion stings you but does no damage.
You take 2 damage, and have 5/41 hp.
Unknown command.
Drink which item? (? for menu, Esc to quit)
It was a potion of magic.
Magic courses through your body.
* * * LOW HITPOINT WARNING * * *
You feel sick. The bat hits you but does no damage.
You block Viceroy's ghost's attack. The scorpion closely misses you.
You take 1 damage, and have 4/41 hp.
Drink which item? (? for menu, Esc to quit)
It was a potion of poison.
That liquid tasted very nasty...
You are more poisoned.
* * * LOW HITPOINT WARNING * * *
You feel sick. You block the bat's attack. Viceroy's ghost barely misses you.
You block the scorpion's attack.
You take 2 damage, and have 2/41 hp.
You slash Viceroy's ghost! You hit the scorpion.
Your shield and chain mail prevent you from hitting the bat.
You die...
Your body crumbles into a pile of gold.

..#. ...... #. #.....
...##..#.# . .
............... ..#
.......#.##..####.### .
.....#.##..........
.....##W.#.##..####..#
.......s@b...........# ..
........$#.###.......##..
##..##.##.# #.......##..
... ... #.# #...........
# .##. #.# #.####...#.. .
#. #.###.# #...#.. #.
#...#.####..##.. ..
#............... #
#...............


You could see a scorpion, Viceroy's ghost and a bat.

Vanquished Creatures
  3 gnolls (D:3)
  3 adders (D:2)
  An ooze (D:2)
  2 worms
  3 giant geckos
  A giant cockroach (D:1)
  3 goblins (D:1)
  4 hobgoblins
  2 ball pythons
  6 bats
  A giant newt (D:2)
  13 kobolds
  6 rats
48 creatures vanquished.

Notes
Turn   | Place    | Note
--------------------------------------------------------------
     0 | D:1      | hornqvist, the Formicid Fighter, began the quest for the Orb.
     0 | D:1      | Reached XP level 1. HP: 18/18 MP: 1/1
   113 | D:1      | Reached XP level 2. HP: 22/24 MP: 2/2
   213 | D:1      | You fall through a shaft!
   235 | D:2      | Found an opulent altar of Gozag.
   254 | D:2      | Reached XP level 3. HP: 26/29 MP: 3/3
   296 | D:2      | Became a worshipper of Gozag Ym Sagoz the Greedy
   707 | D:1      | Reached skill level 1 in Dodging
   736 | D:1      | Reached skill level 4 in Shields
   853 | D:1      | Reached XP level 4. HP: 35/35 MP: 4/4
  1189 | D:2      | Found an iron altar of Okawaru.
  1573 | D:3      | Reached XP level 5. HP: 16/41 MP: 5/5
  1737 | D:3      | Noticed Viceroy's ghost (average FoAK)
  1754 | D:3      | HP: 2/41 [poison (a potion of poison)]
  1755 | D:3      | Succumbed to poison (a potion of poison)

Action                   |  1- 3 |  4- 6 || total
-------------------------+-------+-------++-------
Melee: War axe           |    86 |    66 ||   152
  Use: Potion            |       |     3 ||     3
  Eat: Pizza             |       |     1 ||     1
       Beef jerky        |       |     1 ||     1
